Map: Apotheosis LE

Players

Fropez

  • Race: Protoss Protoss
  • League: Gold
  • Spawn Location: 11:00

Alien - Winner!

  • Race: Terran Terran
  • League: Platinum
  • Spawn Location: 5:00

VOD

Have the link to the VOD?

Description

Time

  • Played on: Nov. 22, 2016, 10:38 a.m.
  • Length: 12:04
Show
View Real Time Build Order
Export as new Build Order

Fropez Protoss 

Build Orders: Zealot Archon 

Get SALT Encoding   

  12  0:01  Probe (Chrono Boost)  
  13  0:12  Probe (Chrono Boost)  
  14  0:18  Pylon  
  14  0:22  Probe (Chrono Boost)  
  15  0:29  Assimilator  
  15  0:36  Probe (Chrono Boost)  
  16  0:45  Gateway  
  16  0:47  Probe (Chrono Boost)  
  17  0:58  Probe (Chrono Boost)  
  18  1:09  Probe (Chrono Boost)  
  19  1:12  Assimilator  
  19  1:19  Probe (Chrono Boost)  
  19  1:22  Gateway  
  20  1:30  Probe (Chrono Boost)  
  21  1:40  Pylon, Probe (Chrono Boost)  
  22  1:51  Probe (Chrono Boost)  
  22  1:52  Pylon  
  23  2:03  Probe (Chrono Boost)  
  24  2:11  Cybernetics Core  
  23  2:26  Nexus  
  23  2:30  Probe (Chrono Boost)  
  25  2:48  Warp Gate (Chrono Boost), Mothership Core (Chrono Boost)  
  26  2:54  Pylon  
  26  3:02  Stalker x2  
  30  3:13  Probe  
  31  3:25  Probe  
  32  3:37  Probe x2  
  34  3:47  Twilight Council, Probe  
  34  3:49  Probe  
  34  3:51  Adept, Robotics Facility  
  38  3:56  Adept  
  40  4:07  Probe  
  40  4:08  Probe  
  42  4:15  Assimilator  
  42  4:18  Pylon  
  42  4:20  Pylon  
  44  4:25  Resonating Glaives (Chrono Boost)  
  42  4:38  Gateway x2  
  42  4:39  Observer  
  42  4:42  Stalker  
  42  4:44  Stalker  
  47  4:47  Probe x2  
  49  4:57  Immortal  
  53  5:10  Pylon, Probe x2  
  55  5:21  Gateway  
  52  5:33  Stalker x2  
  56  6:08  Stalker  
  54  6:20  Templar Archives  
  54  6:24  Stalker  
  54  6:25  Stalker x3  
  63  6:40  Probe x2, Forge  
  64  6:49  Stalker  
  66  6:58  Probe x2  
  66  7:00  Assimilator  
  68  7:10  Warp Prism  
  68  7:13  Protoss Ground Weapons Level 1  
  68  7:18  High Templar  
  68  7:19  High Templar  
  74  7:23  Archon  
  74  7:40  High Templar x2  
  78  7:48  Pylon  
  78  7:52  Pylon  
  78  7:54  Photon Cannon  
  78  7:59  Photon Cannon  
  78  8:00  Archon  
  78  8:15  Stalker  
  78  8:16  Stalker x3  
  82  8:39  Adept x2  
  82  8:40  Adept x3  
  78  9:18  High Templar x5  
  78  9:22  Archon x2  
  88  9:31  Protoss Ground Weapons Level 2  
  88  9:32  Photon Cannon  
  88  9:42  Photon Cannon  
  88  9:49  Nexus  
  88  9:51  Pylon  
  84  10:03  High Templar x2  
  86  10:07  Archon  
  58  10:30  High Templar x2  
  58  10:33  Archon  
  58  10:39  Pylon  
  58  10:44  Pylon  
  48  10:56  Zealot x3  
  50  11:02  Pylon, Gateway  
  50  11:03  Pylon  
  50  11:06  High Templar  
  50  11:12  Archon  
  50  11:18  Adept x4  
  47  11:44  High Templar x3  
  47  11:48  Archon  
Show
View Real Time Build Order
Export as new Build Order

Alien Terran - Winner!

Build Orders: MMM Bio 

Get SALT Encoding   

  12  0:01  SCV  
  13  0:15  Supply Depot  
  13  0:17  SCV  
  14  0:29  SCV  
  14  0:30  Refinery  
  15  0:41  SCV  
  16  0:48  Barracks  
  16  0:53  SCV  
  17  1:05  SCV  
  17  1:09  Supply Depot  
  18  1:17  SCV  
  19  1:29  SCV  
  20  1:42  Refinery  
  20  1:45  Reaper  
  21  1:55  Factory  
  21  2:09  Orbital Command  
  21  2:23  Command Center  
  21  2:35  Barracks Reactor  
  21  2:42  Supply Depot  
  21  2:53  Starport  
  21  3:07  Factory Reactor  
  21  3:12  SCV  
  22  3:15  Marine  
  22  3:16  Marine  
  24  3:24  SCV  
  25  3:33  Marine x2  
  26  3:47  Barracks  
  26  3:51  Marine x2  
  26  3:54  Medivac x2  
  26  3:55  Factory Tech Lab  
  32  4:00  SCV  
  32  4:01  SCV  
  34  4:09  Marine x2  
  36  4:12  SCV  
  36  4:16  Siege Tank  
  40  4:27  Marine x2  
  42  4:36  Barracks Tech Lab  
  42  4:39  Barracks  
  42  4:40  SCV x2  
  44  4:52  SCV x2  
  46  5:06  Siege Tank  
  49  5:07  Medivac x2  
  49  5:09  Marine  
  49  5:11  Stimpack  
  49  5:14  Supply Depot  
  54  5:21  Marine  
  54  5:30  Marine  
  46  5:48  SCV x2  
  48  5:52  Barracks x2  
  48  5:54  Barracks  
  46  6:00  SCV x2  
  45  6:12  SCV x2  
  47  6:32  Marine  
  47  6:33  Marine x3  
  47  6:36  SCV  
  53  6:40  Orbital Command  
  53  6:45  Barracks Tech Lab x3  
  52  6:48  SCV  
  52  6:50  Marine  
  52  6:51  Marine x3  
  57  7:00  SCV  
  58  7:12  SCV, Combat Shields  
  58  7:14  Marine, Command Center  
  58  7:15  Marine x2  
  62  7:33  Supply Depot x3  
  62  7:34  Supply Depot  
  62  7:54  Marine x7  
  69  8:04  Siege Tank  
  72  8:12  Marine x4  
  71  8:31  Concussive Shells  
  70  8:42  Marine x7  
  74  8:59  Marine  
  74  9:00  Marine x6  
  79  9:11  Medivac  
  79  9:12  Medivac  
  79  9:14  Siege Tank  
  86  9:17  Marine  
  86  9:18  Marine x6  
  93  9:35  Marine  
  93  9:36  Command Center  
  94  9:46  Marine  
  94  9:59  Marine x4  
  93  10:15  Liberator  
  93  10:16  Liberator  
  72  10:28  Marine  
  72  10:29  Marine x6  
  72  10:34  Siege Tank  
  84  10:46  Marine  
  84  10:47  Marine x6  
  84  10:58  Liberator  
  81  11:04  Marine x2  
  81  11:05  Marine x5  
  91  11:22  Marine x7  
  80  11:40  Marine  
Tags
 
Add a new tag
Caveats
  • Supply blocks, unpowered buildings, or Contaminate may cause inaccurate times.
  • Supply counts are checked every 10 seconds.